| TOP OF THE 1ST |
|
Elmira Pioneers batting - Pitching for Pawtucket Paw Sox : LHP John Hobbs
|
|
Pitching: LHP John Hobbs
|
|
|
Batting: RHB Ken Dowell
|
0-0: Called Strike 0-1: Ball 1-1: Ball 2-1: Ball 3-1: Swinging Strike 3-2: Base on Balls
|
|
Batting: RHB Mark Wasinger
|
0-0: Ball 1-0: Ball 2-0: Swinging Strike 2-1: Grounds into double play, 5-4-3 (Groundball, 5, EV 83.8 MPH)
|
|
Batting: RHB Richard Givens
|
0-0: Ball 1-0: Fly out, F8 (Flyball, 8RS, EV 84.4 MPH)
|
| Top of the 1st over - 0 runs, 0 hits, 0 errors, 0 left on base; Elmira 0 - Pawtucket 0 |
| BOTTOM OF THE 1ST |
|
Pawtucket Paw Sox batting - Pitching for Elmira Pioneers : RHP Rich Monteleone
|
|
Pitching: RHP Rich Monteleone
|
|
|
Batting: LHB Dave Haberle
|
0-0: Foul Ball, location: 2F 0-1: Ball 1-1: Swinging Strike 1-2: Foul Ball, location: 2F 1-2: Foul Ball, location: 2F 1-2: Foul Ball, location: 2F 1-2: Foul Ball, location: 2F 1-2: Fly out, F7 (Flyball, 7, EV 92.5 MPH)
|
|
Batting: LHB Steven Garcia
|
0-0: Called Strike 0-1: Ground out 6-3 (Groundball, 56, EV 83.8 MPH)
|
|
Batting: LHB Jeff Stone
|
0-0: Called Strike 0-1: TRIPLE (Flyball, 78XD, EV 96.3 MPH)
|
|
Batting: RHB Brick Smith
|
0-0: Fly out, F9 (Flyball, 9LM, EV 108.1 MPH)
|
| Bottom of the 1st over - 0 runs, 1 hit, 0 errors, 1 left on base; Elmira 0 - Pawtucket 0 |
| TOP OF THE 2ND |
|
Elmira Pioneers batting - Pitching for Pawtucket Paw Sox : LHP John Hobbs
|
|
Batting: RHB Greg Keatley
|
0-0: Called Strike 0-1: Swinging Strike 0-2: Foul Ball, location: 2F 0-2: Foul Ball, location: 2F 0-2: Strikes out swinging
|
|
Batting: RHB Edwin Rodriguez
|
0-0: Ball 1-0: Called Strike 1-1: Swinging Strike 1-2: Foul Ball, location: 2F 1-2: Foul Ball, location: 2F 1-2: Ball 2-2: Ground out 4-3 (Groundball, 4MD, EV 100.6 MPH)
|
|
Batting: SHB Esteban Mendez
|
0-0: Foul Ball, location: 2F 0-1: SINGLE (Line Drive, 9LS, EV 100.0 MPH)
|
|
Batting: LHB Juan Flores
|
0-0: Called Strike 0-1: Called Strike 0-2: SINGLE (Line Drive, 7LS, EV 105.6 MPH) Esteban Mendez to second
|
|
Batting: RHB Curtis Cannedy
|
0-0: Ball 1-0: Ball 2-0: Swinging Strike 2-1: Swinging Strike 2-2: Ball 3-2: Base on Balls Esteban Mendez to third Juan Flores to second
|
|
Batting: SHB Michael Reeder
|
0-0: GRAND SLAM HOME RUN (Flyball, 7D, EV 98.1 MPH), Distance : 377 ft
|
|
Batting: RHB Ken Dowell
|
0-0: Called Strike 0-1: Fly out, F8 (Line Drive, 8RD, EV 94.4 MPH)
|
| Top of the 2nd over - 4 runs, 3 hits, 0 errors, 0 left on base; Elmira 4 - Pawtucket 0 |
| BOTTOM OF THE 2ND |
|
Pawtucket Paw Sox batting - Pitching for Elmira Pioneers : RHP Rich Monteleone
|
|
Batting: LHB David Wiggins
|
0-0: Fly out, F7 (Flyball, 7, EV 89.4 MPH)
|
|
Batting: RHB Robert Duran
|
0-0: Foul Ball, location: 2F 0-1: Called Strike 0-2: Ball 1-2: SINGLE (Line Drive, 34D, EV 95.6 MPH)
|
|
Batting: LHB Doc Brummer
|
0-0: Ball Robert Duran is caught stealing 2nd base 2-6 1-0: Ball 2-0: Ball 3-0: Called Strike 3-1: Foul Ball, location: 2F 3-2: Fly out, F8 (Line Drive, 8RM, EV 94.4 MPH)
|
| Bottom of the 2nd over - 0 runs, 1 hit, 0 errors, 0 left on base; Elmira 4 - Pawtucket 0 |
| TOP OF THE 3RD |
|
Elmira Pioneers batting - Pitching for Pawtucket Paw Sox : LHP John Hobbs
|
|
Batting: RHB Mark Wasinger
|
0-0: Swinging Strike 0-1: Fly out, F7 (Flyball, 7D, EV 80.6 MPH)
|
|
Batting: RHB Richard Givens
|
0-0: Called Strike 0-1: Called Strike 0-2: Ball 1-2: Ball 2-2: Ground out U3 (Groundball, 34, EV 110.0 MPH)
|
|
Batting: RHB Greg Keatley
|
0-0: Fly out, F8 (Flyball, 8RS, EV 90.6 MPH)
|
| Top of the 3rd over - 0 runs, 0 hits, 0 errors, 0 left on base; Elmira 4 - Pawtucket 0 |
| BOTTOM OF THE 3RD |
|
Pawtucket Paw Sox batting - Pitching for Elmira Pioneers : RHP Rich Monteleone
|
|
Batting: RHB Gary Hargis
|
0-0: Swinging Strike 0-1: Swinging Strike 0-2: Foul Ball, location: 2F 0-2: Ball 1-2: Ball 2-2: Foul Ball, location: 2F 2-2: Strikes out swinging
|
|
Batting: RHB Lenny Faedo
|
0-0: Ball 1-0: Called Strike 1-1: Ball 2-1: Swinging Strike 2-2: Strikes out swinging
|
|
Batting: LHB Dave Haberle
|
0-0: Foul Ball, location: 2F 0-1: Ball 1-1: Ball 2-1: Ball 3-1: Called Strike 3-2: Fly out, F9 (Flyball, 9S, EV 83.1 MPH)
|
| Bottom of the 3rd over - 0 runs, 0 hits, 0 errors, 0 left on base; Elmira 4 - Pawtucket 0 |
| TOP OF THE 4TH |
|
Elmira Pioneers batting - Pitching for Pawtucket Paw Sox : LHP John Hobbs
|
|
Batting: RHB Edwin Rodriguez
|
0-0: Called Strike 0-1: Foul Ball, location: 2F 0-2: Foul Ball, location: 2F 0-2: Fly out, F3 (Popup, 3F, EV 65.0 MPH)
|
|
Batting: SHB Esteban Mendez
|
0-0: Ball 1-0: Swinging Strike 1-1: Ball 2-1: Swinging Strike 2-2: Foul Ball, location: 2F 2-2: Ball 3-2: Foul Ball, location: 2F 3-2: Foul Ball, location: 2F 3-2: Strikes out swinging
|
|
Batting: LHB Juan Flores
|
0-0: Ball 1-0: Ball 2-0: Ball 3-0: Base on Balls
|
|
Batting: RHB Curtis Cannedy
|
0-0: Ball 1-0: Foul Ball, location: 2F 1-1: Foul Ball, location: 2F 1-2: Ball 2-2: Foul Ball, location: 2F 2-2: Foul Ball, location: 2F 2-2: Ball 3-2: Base on Balls Juan Flores to second
|
|
Batting: SHB Michael Reeder
|
0-0: Ball 1-0: Called Strike 1-1: Ball 2-1: Foul Ball, location: 2F 2-2: Ball 3-2: Strikes out swinging
|
| Top of the 4th over - 0 runs, 0 hits, 0 errors, 2 left on base; Elmira 4 - Pawtucket 0 |
| BOTTOM OF THE 4TH |
|
Pawtucket Paw Sox batting - Pitching for Elmira Pioneers : RHP Rich Monteleone
|
|
Batting: LHB Steven Garcia
|
0-0: Ball 1-0: Swinging Strike 1-1: Ball 2-1: Called Strike 2-2: Strikes out swinging
|
|
Batting: LHB Jeff Stone
|
0-0: Ball 1-0: Ball 2-0: Swinging Strike 2-1: Called Strike 2-2: Strikes out looking
|
|
Batting: RHB Brick Smith
|
0-0: Ball 1-0: Foul Ball, location: 2F 1-1: Foul Ball, location: 2F 1-2: Strikes out swinging
|
| Bottom of the 4th over - 0 runs, 0 hits, 0 errors, 0 left on base; Elmira 4 - Pawtucket 0 |
| TOP OF THE 5TH |
|
Elmira Pioneers batting - Pitching for Pawtucket Paw Sox : LHP John Hobbs
|
|
Batting: RHB Ken Dowell
|
0-0: Ball 1-0: Ball 2-0: Ball 3-0: Called Strike 3-1: SINGLE (Line Drive, 7LS, EV 91.9 MPH)
|
|
Batting: RHB Mark Wasinger
|
0-0: Ball 1-0: Ball 2-0: Ball 3-0: Called Strike 3-1: Called Strike 3-2: Grounds into double play, 6-4-3 (Groundball, 6M, EV 86.9 MPH)
|
|
Batting: RHB Richard Givens
|
0-0: Swinging Strike 0-1: Ball 1-1: Foul Ball, location: 2F 1-2: Ball 2-2: Foul Ball, location: 2F 2-2: Foul Ball, location: 2F 2-2: Ground out U3 (Groundball, 34S, EV 83.1 MPH)
|
| Top of the 5th over - 0 runs, 1 hit, 0 errors, 0 left on base; Elmira 4 - Pawtucket 0 |
| BOTTOM OF THE 5TH |
|
Pawtucket Paw Sox batting - Pitching for Elmira Pioneers : RHP Rich Monteleone
|
|
Batting: LHB David Wiggins
|
0-0: Fly out, F8 (Flyball, 78M, EV 80.0 MPH)
|
|
Batting: RHB Robert Duran
|
0-0: Ball 1-0: Ball 2-0: Called Strike 2-1: Ball 3-1: Base on Balls
|
|
Batting: LHB Doc Brummer
|
0-0: Called Strike 0-1: Fly out, F6 (Popup, 6D, EV 55.0 MPH)
|
|
Batting: RHB Gary Hargis
|
0-0: Ball 1-0: Fly out, F9 (Flyball, 9, EV 94.4 MPH)
|
| Bottom of the 5th over - 0 runs, 0 hits, 0 errors, 1 left on base; Elmira 4 - Pawtucket 0 |
| TOP OF THE 6TH |
|
Elmira Pioneers batting - Pitching for Pawtucket Paw Sox : LHP John Hobbs
|
|
Batting: RHB Greg Keatley
|
0-0: Fly out, F8 (Line Drive, 8RD, EV 101.3 MPH)
|
|
Batting: RHB Edwin Rodriguez
|
0-0: Ground out 6-3 (Groundball, 6, EV 107.5 MPH)
|
|
Batting: SHB Esteban Mendez
|
0-0: Called Strike 0-1: DOUBLE (Line Drive, 9LS, EV 101.3 MPH)
|
|
Batting: LHB Juan Flores
|
0-0: Called Strike 0-1: Called Strike 0-2: Ball 1-2: Ball 2-2: Foul Ball, location: 2F 2-2: Ball 3-2: Base on Balls
|
|
Batting: RHB Curtis Cannedy
|
0-0: Ball 1-0: Foul Ball, location: 2F 1-1: Ball 2-1: Foul Ball, location: 2F 2-2: Strikes out swinging
|
| Top of the 6th over - 0 runs, 1 hit, 0 errors, 2 left on base; Elmira 4 - Pawtucket 0 |
| BOTTOM OF THE 6TH |
|
Pawtucket Paw Sox batting - Pitching for Elmira Pioneers : RHP Rich Monteleone
|
|
Batting: RHB Lenny Faedo
|
0-0: Reached on error, E5 (Groundball, 56, EV 77.5 MPH)
|
|
Batting: LHB Dave Haberle
|
0-0: Foul Ball, location: 2F 0-1: Ball 1-1: Called Strike 1-2: Foul Ball, location: 2F 1-2: Foul Ball, location: 2F 1-2: Foul Ball, location: 2F 1-2: Foul Ball, location: 2F 1-2: Ball 2-2: Ball 3-2: SINGLE (Flyball, 78S, EV 86.9 MPH) Lenny Faedo to third Runner from 3rd tries for Home, SAFE, throw by LF to home
|
|
Batting: LHB Steven Garcia
|
0-0: Called Strike 0-1: Ball 1-1: Bunt missed! 1-2: SINGLE (Groundball, 6MD, EV 98.8 MPH) Dave Haberle to second Runner from 2nd tries for 3rd, SAFE, no throw by CF
|
|
Batting: LHB Jeff Stone
|
0-0: SINGLE (Groundball, 6M, EV 105.6 MPH) Dave Haberle scores Steven Garcia to second Runner from 2nd tries for 3rd, SAFE, throw by CF made to third Jeff Stone to second
|
|
Batting: RHB Brick Smith
|
0-0: Called Strike 0-1: Ball 1-1: Foul Ball, location: 2F 1-2: Ball 2-2: Strikes out swinging
|
|
Batting: LHB David Wiggins
|
0-0: Foul Ball, location: 2F 0-1: Called Strike 0-2: Strikes out looking
|
|
Batting: RHB Robert Duran
|
0-0: Ball 1-0: Ball 2-0: Ground out 5-3 (Groundball, 5L, EV 92.5 MPH)
|
| Bottom of the 6th over - 2 runs, 3 hits, 1 error, 2 left on base; Elmira 4 - Pawtucket 2 |
| TOP OF THE 7TH |
|
Elmira Pioneers batting - Pitching for Pawtucket Paw Sox : LHP John Hobbs
|
|
Batting: SHB Michael Reeder
|
0-0: Called Strike 0-1: Swinging Strike 0-2: Ball 1-2: Foul Ball, location: 2F 1-2: Ball 2-2: Foul Ball, location: 2F 2-2: Hit by Pitch
|
|
Batting: RHB Ken Dowell
|
0-0: Fly out, F9 (Flyball, 9LS, EV 80.6 MPH)
|
|
Batting: RHB Mark Wasinger
|
0-0: Foul Ball, location: 2F 0-1: Ball 1-1: Fielders Choice at 2nd, 5-4 (Groundball, 56S, EV 83.8 MPH)
|
|
Batting: RHB Richard Givens
|
0-0: Fielders Choice at 2nd, 6-4 (Groundball, 6D, EV 109.4 MPH)
|
| Top of the 7th over - 0 runs, 0 hits, 0 errors, 1 left on base; Elmira 4 - Pawtucket 2 |
| BOTTOM OF THE 7TH |
|
Pawtucket Paw Sox batting - Pitching for Elmira Pioneers : RHP Rich Monteleone
|
|
Batting: LHB Doc Brummer
|
0-0: Ball 1-0: Ball 2-0: Called Strike 2-1: Ball 3-1: Called Strike 3-2: Base on Balls
|
|
Batting: RHB Gary Hargis
|
0-0: Fielders Choice at 2nd, 4-6 (Groundball, 4, EV 81.3 MPH)
|
|
Batting: RHB Lenny Faedo
|
0-0: Ball Gary Hargis steals 2nd base (no throw) 1-0: Called Strike Gary Hargis steals 3rd base (no throw) 1-1: Foul Ball, location: 2F 1-2: Ball 2-2: Ground out 5-3 (Groundball, 56, EV 91.3 MPH) Gary Hargis scores
|
|
Batting: LHB Dave Haberle
|
0-0: Called Strike 0-1: Swinging Strike 0-2: Ball 1-2: Ball 2-2: Strikes out swinging, 2-3 out at first.
|
| Bottom of the 7th over - 1 run, 0 hits, 0 errors, 0 left on base; Elmira 4 - Pawtucket 3 |
| TOP OF THE 8TH |
|
Elmira Pioneers batting - Pitching for Pawtucket Paw Sox : LHP John Hobbs
|
|
Batting: RHB Greg Keatley
|
0-0: Ball 1-0: Ball 2-0: Ball 3-0: Called Strike 3-1: Foul Ball, location: 2F 3-2: Foul Ball, location: 2F 3-2: Fly out, F8 (Flyball, 78M, EV 88.8 MPH)
|
|
Batting: RHB Edwin Rodriguez
|
0-0: Ground out 6-3 (Groundball, 6, EV 106.3 MPH)
|
|
Batting: SHB Esteban Mendez
|
0-0: Ground out 6-3 (Groundball, 6, EV 85.6 MPH)
|
| Top of the 8th over - 0 runs, 0 hits, 0 errors, 0 left on base; Elmira 4 - Pawtucket 3 |
| BOTTOM OF THE 8TH |
|
Pawtucket Paw Sox batting - Pitching for Elmira Pioneers : RHP Rich Monteleone
|
|
Batting: LHB Steven Garcia
|
0-0: Ball 1-0: Ground out 6-3 (Groundball, 6M, EV 85.6 MPH)
|
|
Batting: LHB Jeff Stone
|
0-0: Ball 1-0: Ball 2-0: Foul Ball, location: 2F 2-1: Ball 3-1: Base on Balls
|
|
Batting: RHB Brick Smith
|
0-0: Called Strike 0-1: Foul Ball, location: 2F 0-2: Ball 1-2: Ball 2-2: Ball 3-2: Foul Ball, location: 2F 3-2: Fielders Choice at 2nd, 1-4 (Groundball, 15, EV 66.3 MPH)
|
|
Pitching: RHP Alejandro Gallardo
|
|
|
Batting: LHB David Wiggins
|
0-0: Ball 1-0: Called Strike 1-1: SINGLE (Line Drive, 8RM, EV 92.5 MPH) Brick Smith to second Runner from 2nd tries for 3rd, SAFE, no throw by CF
|
|
Batting: RHB Robert Duran
|
0-0: Called Strike 0-1: Swinging Strike 0-2: Strikes out swinging
|
| Bottom of the 8th over - 0 runs, 1 hit, 0 errors, 2 left on base; Elmira 4 - Pawtucket 3 |
| TOP OF THE 9TH |
|
Elmira Pioneers batting - Pitching for Pawtucket Paw Sox : LHP John Hobbs
|
|
Pitching: RHP Terry McAnnally
|
|
|
Batting: LHB Juan Flores
|
0-0: Called Strike 0-1: Swinging Strike 0-2: Ball 1-2: Strikes out swinging
|
|
Batting: RHB Curtis Cannedy
|
0-0: Called Strike 0-1: Foul Ball, location: 2F 0-2: Strikes out swinging
|
|
Batting: SHB Michael Reeder
|
0-0: Called Strike 0-1: Swinging Strike 0-2: Ball 1-2: Strikes out looking
|
| Top of the 9th over - 0 runs, 0 hits, 0 errors, 0 left on base; Elmira 4 - Pawtucket 3 |
| BOTTOM OF THE 9TH |
|
Pawtucket Paw Sox batting - Pitching for Elmira Pioneers : RHP Alejandro Gallardo
|
|
Batting: LHB Doc Brummer
|
0-0: Fly out, F8 (Flyball, 78S, EV 81.3 MPH)
|
|
Pinch Hitting: RHB Dave Malpeso
|
0-0: Ball 1-0: Called Strike 1-1: Fly out, F6 (Popup, 6MD, EV 53.8 MPH)
|
|
Pinch Hitting: LHB Steven Blackman
|
0-0: Called Strike 0-1: Foul Ball, location: 2F 0-2: Ball 1-2: Foul Ball, location: 2F 1-2: Ground out 5-3 (Groundball, 5D, EV 111.3 MPH)
|
| Bottom of the 9th over - 0 runs, 0 hits, 0 errors, 0 left on base; Elmira 4 - Pawtucket 3 |
|